 Dungeon Crawl Stone Soup version 0.17-a0-2127-g1cb09f6 (webtiles) character file.

2142 nicanaca0 the Spear-Bearer (level 9, -1/80 HPs)
             Began as a Minotaur Berserker on Oct 21, 2015.
             Was an Elder of Trog.
             Killed from afar by an electric eel (8 damage)
             ... with a bolt of electricity
             ... on level 7 of the Dungeon on Oct 23, 2015.
             The game lasted 00:22:28 (6819 turns).

nicanaca0 the Spear-Bearer (Minotaur Berserker)     Turns: 6819, Time: 00:22:30

Health: -1/80      AC:  9    Str: 22    XL:     9   Next: 9%
Magic:  8/8        EV: 11    Int:  4    God:    Trog [****..]
Gold:   359        SH:  0    Dex: 13    Spells: 0 memorised, 8 levels left

rFire  . . .     SeeInvis .     a - +0 spear
rCold  . . .     Clarity  .     C - +0 ring mail
rNeg   + + .     SustAt   .     (no shield)
rPois  +         Gourm    .     (helmet restricted)
rElec  .         Spirit   .     (no cloak)
rCorr  .         Warding  +     n - +1 pair of gloves
rMut   .         Stasis   .     (no boots)
MR     ++...                    t - amulet of warding
Stlth  +.........               q - ring of poison resistance
                                G - ring of positive energy

@: regenerating, very resistant to hostile enchantments, very unstealthy
A: retaliatory headbutt, horns 2, rugged brown scales 1
a: Berserk, Trog's Hand, Brothers in Arms, Burn Spellbooks, Renounce Religion


You were on level 7 of the Dungeon.
You worshipped Trog.
Trog was greatly pleased with you.
You were not hungry.

You visited 1 branch of the dungeon, and saw 7 of its levels.

You collected 359 gold pieces.

Inventory:

Hand Weapons
 a - a +0 spear (weapon)
 z - a +0 glaive
Missiles
 j - a throwing net
 v - 7 javelins (quivered)
Armour
 n - a +1 pair of gloves (worn)
 C - a +0 ring mail (worn)
 L - a +0 shield
Jewellery
 q - a ring of poison resistance (right hand)
 t - an amulet of warding (around neck)
 G - a ring of positive energy (left hand)
 I - the ring of Oculy {-Tele rF+ rC+++ rN+ Slay-4}
   (You found it on level 5 of the Dungeon)

   [ring of protection from fire]

   It affects your accuracy and damage with ranged weapons and melee attacks
   (-4).
   It protects you from fire.
   It renders you almost immune to cold.
   It protects you from negative energy.
   It prevents most forms of teleportation.
Wands
 e - a wand of disintegration (10)
 h - a wand of slowing (20)
 o - a wand of disintegration (16)
 x - a wand of slowing (26)
 M - a wand of flame (5)
Scrolls
 b - 2 scrolls of fear {unknown}
 d - a scroll of random uselessness {unknown}
 g - a scroll of magic mapping
 i - a scroll of noise {unknown}
 m - a scroll of blinking {unknown}
 p - 3 scrolls of enchant armour
 y - 2 scrolls of remove curse
 B - a scroll of amnesia {unknown}
 D - a scroll of immolation {unknown}
 E - a scroll of teleportation {unknown}
 N - a scroll of recharging
Potions
 f - a potion of agility
 l - 2 potions of curing
 s - 4 potions of resistance
 u - a potion of flight
 A - a potion of brilliance
 H - a potion of cure mutation
 J - a potion of might {unknown}
 K - 3 potions of haste
Comestibles
 c - 10 bread rations
 r - 7 slices of pizza
 w - 3 beef jerkies
 F - 4 fruits


   Skills:
 + Level 6.7 Fighting
 - Level 12.1 Polearms
 + Level 6.3 Armour
 - Level 2.1 Dodging


You had 8 spell levels left.
You didn't know any spells.

Dungeon Overview and Level Annotations

Branches:
Dungeon (7/15)             Temple (0/1) D:4

Altars:
Ashenzari
Cheibriados
Elyvilon
Fedhas
Gozag
Kikubaaqudgha
Nemelex Xobeh
Okawaru
Qazlal
Ru
Vehumet
Xom


Innate Abilities, Weirdness & Mutations

You reflexively headbutt those who attack you in melee.
You have a pair of horns on your head.
You are partially covered in rugged brown scales (AC +1, +3% HP).


Message History

The bolt of electricity hits the plant.
The electric eel shoots out a bolt of lightning at you!
The bolt of electricity hits the plant.
The bolt of electricity hits you!
The electric eel shoots out a bolt of lightning at you!
The bolt of electricity misses you.
The electric eel shoots out a bolt of lightning at you!
The bolt of electricity hits the plant.
The bolt of electricity hits you!
The electric eel shoots out a bolt of lightning at you!
The bolt of electricity hits the electric eel.
The electric eel completely resists.
The bolt of electricity hits the plant.
The bolt of electricity hits you!
* * * LOW HITPOINT WARNING * * *
The electric eel shoots out a bolt of lightning at you!
The bolt of electricity hits the plant.
The plant is destroyed!
The bolt of electricity hits you!
* * * LOW HITPOINT WARNING * * *
The electric eel shoots out a bolt of lightning at you!
The bolt of electricity hits you!
You die...

........ ## ........ .#
#. ..... .. ≈♣♣♣≈.. .##
≈≈P≈≈♣ ♣♣♣♣♣♣ ..##
≈≈≈≈≈♣♣♣♣≈≈P≈♣♣#..#
P≈≈P≈≈≈≈≈≈≈≈≈≈≈♣..♣♣#
.)..(...........@.P≈♣
≈)P≈≈P≈P≈≈≈≈≈≈P≈.≈≈P≈♣
P≈≈≈≈≈≈≈≈≈≈PP≈≈≈.≈≈≈P≈≈#
♣≈≈≈≈≈≈≈♣≈P≈≈≈≈≈.≈;≈≈≈P♣
.PP≈♣≈...≈♣♣♣≈P≈.≈;≈≈≈≈≈
..........♣ ♣♣≈≈.≈;≈≈≈≈≈
...........≈ ♣P≈.≈≈≈≈≈≈≈
.#<<.......♣♣♣≈≈.≈≈≈≈≈≈P
.....#####P♣


You could see 3 electric eels.

Vanquished Creatures
  A human (D:7)
  Duvessa (D:5)
  A sky beast (D:6)
  A black bear (D:7)
  An ogre (D:6)
  2 centaurs (D:6)
  Blork the orc (D:4)
  2 giant frogs (D:6)
  Dowan (D:5)
  2 scorpions
  2 electric eels (D:7)
  A crimson imp (D:4)
  A centaur zombie (D:7)
  3 orc priests
  3 orc wizards
  5 hounds
  A jelly (D:7)
  2 centaur skeletons
  An iguana (D:4)
  5 worker ants
  4 sheep (D:7)
  A hound skeleton (D:5)
  9 adders
  8 gnolls
  An ooze (D:6)
  An adder zombie (D:5)
  A worm (D:2)
  5 giant geckos
  12 orcs
  A ball python (D:4)
  12 bats
  3 giant cockroaches
  4 goblins
  7 hobgoblins
  20 jackals
  A giant cockroach zombie (D:5)
  A giant gecko zombie (D:6)
  7 giant newts
  7 kobolds
  6 rats
148 creatures vanquished.

Vanquished Creatures (others)
  A water moccasin zombie (D:7)
  A shadow imp (D:7)
  A plant (D:7)
3 creatures vanquished.

Grand Total: 151 creatures vanquished

Notes
Turn   | Place    | Note
--------------------------------------------------------------
     0 | D:1      | nicanaca0 the Minotaur Berserker began the quest for the Orb.
     0 | D:1      | Reached XP level 1. HP: 19/19 MP: 0/0
    56 | D:1      | Reached skill level 4 in Polearms
   103 | D:1      | Reached XP level 2. HP: 21/26 MP: 1/1
   241 | D:1      | Reached ** piety under Trog
   384 | D:1      | Reached skill level 5 in Polearms
   466 | D:1      | Reached XP level 3. HP: 31/31 MP: 2/2
  1391 | D:2      | Reached skill level 6 in Polearms
  1391 | D:2      | Reached XP level 4. HP: 39/39 MP: 3/3
  1429 | D:2      | Gained mutation: You are partially covered in rugged brown scales (AC +1, +3% HP). [potion of beneficial mutation]
  2298 | D:4      | Upgraded the game from 0.17-a0-2122-g03d97ec to 0.17-a0-2127-g1cb09f6
  2311 | D:4      | Reached skill level 7 in Polearms
  2311 | D:4      | Reached XP level 5. HP: 46/46 MP: 4/4
  2563 | D:4      | Found a staircase to the Ecumenical Temple.
  2707 | D:4      | Reached skill level 8 in Polearms
  2716 | D:4      | Reached XP level 6. HP: 52/52 MP: 5/5
  2721 | D:4      | Reached *** piety under Trog
  2920 | D:4      | Found a white marble altar of Elyvilon.
  2937 | D:4      | Found a blossoming altar of Fedhas.
  2939 | D:4      | Found a radiant altar of Vehumet.
  2941 | D:4      | Found a sparkling altar of Nemelex Xobeh.
  2942 | D:4      | Found an ancient bone altar of Kikubaaqudgha.
  2943 | D:4      | Found an iron altar of Okawaru.
  2943 | D:4      | Found a snail-covered altar of Cheibriados.
  2943 | D:4      | Found a shimmering altar of Xom.
  2945 | D:4      | Found a shattered altar of Ashenzari.
  2946 | D:4      | Found an opulent altar of Gozag.
  2947 | D:4      | Found a sacrificial altar of Ru.
  2948 | D:4      | Found a stormy altar of Qazlal.
  3081 | D:4      | Noticed Blork the orc
  3088 | D:4      | Killed Blork the orc
  3088 | D:4      | Reached skill level 9 in Polearms
  3447 | D:5      | Entered Level 5 of the Dungeon
  3465 | D:5      | Reached XP level 7. HP: 53/58 MP: 6/6
  3623 | D:5      | Noticed Dowan
  3633 | D:5      | Killed Dowan
  3633 | D:5      | Reached skill level 10 in Polearms
  3636 | D:5      | Noticed Duvessa
  3646 | D:5      | Killed Duvessa
  3702 | D:5      | Got a glittering copper ring
  3703 | D:5      | Identified the ring of Oculy {-Tele rF+ rC+++ rN+ Slay-4} (You found it on level 5 of the Dungeon)
  4144 | D:6      | Reached skill level 11 in Polearms
  4304 | D:6      | Reached XP level 8. HP: 20/65 MP: 7/7
  4717 | D:6      | Reached skill level 12 in Polearms
  4984 | D:6      | Reached **** piety under Trog
  5211 | D:7      | Reached skill level 5 in Fighting
  5231 | D:7      | HP: 2/70 [electric eel/bolt of electricity (11)]
  5798 | D:7      | Found a blossoming altar of Fedhas.
  5854 | D:7      | Reached skill level 5 in Armour
  6065 | D:7      | Reached XP level 9. HP: 38/80 MP: 8/8
  6819 | D:7      | Killed from afar by an electric eel

Vault maps used:
D:1:      dpeg_arrival_simpleton_a, st_stairs_3
D:2:      first_bread
D:3:      kennysheep_generic_room_15
D:4:      minitemple, lemuel_doored_altar, minmay_temple_entry_from_below_b,
          uniq_blork_the_orc
D:5:      uniq_duvessa
D:6:      nicolae_wand_duel
D:7:      basic_altar, grunt_livestock, serial_bayou_lagoon_b

Action                   |  1- 3 |  4- 6 |  7- 9 || total
-------------------------+-------+-------+-------++-------
Melee: Spear             |   116 |   198 |   329 ||   643
Invok: Berserk           |       |     1 |     2 ||     3
       Trog's Hand       |       |       |     2 ||     2
       Burn Spellbooks   |       |       |     1 ||     1
Evoke: Wand              |       |       |    15 ||    15
  Use: Scroll            |       |     5 |     9 ||    14
       Potion            |       |     1 |     1 ||     2
 Stab: Sleeping          |     3 |       |       ||     3
  Eat: Chunk             |     2 |     2 |     3 ||     7
       Meat ration       |       |     1 |     2 ||     3
